 Dungeon Crawl Stone Soup version 0.25-a0-513-ge77a69270c (webtiles) character file.

Game seed: 5329527151869160745, levelgen mode: deterministic

6117 kae the Martial Artist (level 10, 0/83 HPs)
             Began as a Demonspawn Gladiator on Feb 16, 2020.
             Was a Priest of Wu Jian.
             Succumbed to a hornet's poison
             ... on level 10 of the Dungeon.
             The game lasted 00:08:53 (9531 turns).

kae the Martial Artist (Demonspawn Gladiator)       Turns: 9531, Time: 00:08:54

Health: 0/83       AC: 12    Str: 15    XL:     10   Next: 58%
Magic:  3/10       EV:  7    Int:  9    God:    Wu Jian [***...]
Gold:   472        SH:  0    Dex: 18    Spells: 9/9 levels left

rFire    . . .     SeeInvis .     - Unarmed
rCold    . . .     Gourm    .   (no shield)
rNeg     . . .     Faith    .   b - +1 chain mail
rPois    .         Spirit   +   (helmet restricted)
rElec    .         Reflect  .   u - +2 cloak {+Inv}
rCorr    .         Harm     .   (no gloves)
MR       +....                  (no boots)
Stlth    ..........             (no amulet)
HPRegen  0.23/turn              h - ring of protection from magic
MPRegen  0.24/turn              p - +3 ring of slaying

@: lethally poisoned (0 -> -26), slowed, very slow
A: claws 2, horns 2, talons 1, spiny 2, magic shield, magic regeneration
a: Wall Jump, Serpent's Lash, Renounce Religion, Evoke Invisibility


You were on level 10 of the Dungeon.
You worshipped Wu Jian.
Wu Jian was most pleased with you.
You were hungry.

You visited 2 branches of the dungeon, and saw 11 of its levels.
You also visited: Ossuary.

You collected 472 gold pieces.

Inventory:

Missiles
 c - 3 throwing nets (quivered)
Armour
 b - a +1 chain mail (worn)
 u - a +2 cloak of invisibility (worn)
Jewellery
 f - an uncursed ring of wizardry
 h - a ring of protection from magic (left claw)
 m - an uncursed ring of positive energy
 p - a +3 ring of slaying (right claw)
Wands
 x - a wand of polymorph (2)
Scrolls
 e - 3 scrolls of fear
 g - a scroll of magic mapping
 i - 7 scrolls of teleportation
 k - a scroll of fog
 l - 3 scrolls of amnesia
 v - a scroll of blinking
 z - 2 scrolls of remove curse
Potions
 j - 2 potions of mutation
 n - 6 potions of curing
 o - 4 potions of heal wounds
 q - 2 potions of agility
 r - a potion of flight
 s - 2 potions of brilliance
 t - 5 potions of haste
Comestibles
 d - 15 rations


   Skills:
 + Level 9.5 Fighting
 - Level 1.7 Throwing
 - Level 2.6 Dodging
 * Level 12.1 Unarmed Combat


You had 9 spell levels left.
You didn't know any spells.
Your spell library was empty.

Dungeon Overview and Level Annotations

Branches:
Dungeon (10/15)            Temple (1/1) D:4            Lair (0/6) D:9
Ossuary (visited)
    Orc: D:9-12

Altars:
Ashenzari
Cheibriados
Dithmenos
Elyvilon
Fedhas
Gozag
Hepliaklqana
Kikubaaqudgha
Makhleb
Nemelex Xobeh
Okawaru
Qazlal
Ru
Sif Muna
Trog
Uskayaw
Vehumet
Wu Jian
Xom
Yredelemnul
Zin
The Shining One


Innate Abilities, Weirdness & Mutations

You have very sharp fingernails.
You have a pair of horns on your head.
You have sharp toenails.
You are mostly covered in sharp spines.
When hurt, damage is shared between your health and your magic reserves.
You regenerate magic rapidly.


Message History

The kobold is struck by your spines. The kobold barely misses you.
You can move again.
Unknown command.
Unknown command.
Unknown command.
Unknown command.
As you read the scroll of fear, it crumbles to dust.
You assume a fearsome visage.
The hornet looks frightened!
The big kobold looks frightened!
The kobold looks frightened!
The troll looks frightened!
The ogre looks frightened!
* * * LOW HITPOINT WARNING * * *
You feel very sick.
* * * LOW HITPOINT WARNING * * *
You feel very sick.
Found a scroll of silence.
You lunge at the big kobold.
You scratch the big kobold.
Your attack snaps the big kobold out of its fear.
You claw the big kobold.
The big kobold is moderately wounded.
You die...

#..........#
#..........#
#.......y..#
#..........#
#O?........#
#####..........#
..T...........#
#.).@K.#
#.(.##.# #..## #
##.## #..#
#########K##
#.........#
#.......#.#.
####............


You could see a troll (fleeing), a hornet (fleeing), a big kobold, an ogre
(fleeing) and a kobold (fleeing).

Vanquished Creatures
  Maggie (D:8)
  A wraith (Ossuary)
  3 hungry ghosts
  Grum (D:8)
  2 wargs (D:9)
  A soldier ant (D:8)
  A water moccasin (D:9)
  Duvessa (D:7)
  4 ice beasts
  3 sky beasts
  2 black bears
  3 orc warriors
  3 wolves (D:8)
  6 ogres
  6 centaurs
  5 bullfrogs
  4 scorpions
  A water moccasin skeleton (D:5)
  A wyvern skeleton (D:6)
  Dowan (D:7)
  2 howler monkeys (D:5)
  3 crimson imps
  8 orc priests
  3 hounds
  A jelly (D:5)
  A quasit (D:6)
  Crazy Yiuf (D:7)
  A bullfrog skeleton (D:4)
  An iguana (D:6)
  13 orc wizards
  10 worker ants
  A hound zombie (D:9)
  3 mummies (Ossuary)
  6 gnolls
  11 adders
  2 shadow imps (D:5)
  An ooze (D:2)
  2 adder zombies
  2 worms
  A dart slug (D:1)
  5 leopard geckos
  34 orcs
  5 giant cockroaches
  A gnoll zombie (Ossuary)
  6 goblins
  10 hobgoblins
  9 jackals
  10 quokkas
  3 ball pythons
  5 bats
  5 frilled lizards
  4 goblin zombies (Ossuary)
  2 hobgoblin zombies (Ossuary)
  A jackal skeleton (D:5)
  8 kobolds
  3 kobold zombies (Ossuary)
  2 leopard gecko skeletons
  A quokka zombie (D:6)
  5 rats
242 creatures vanquished.

Vanquished Creatures (others)
  4 toadstools (D:1)
4 creatures vanquished.

Grand Total: 246 creatures vanquished

Notes
Turn   | Place    | Note
-------+----------+-------------------------------------------
     0 | D:1      | kae the Demonspawn Gladiator began the quest for the Orb.
     0 | D:1      | Reached XP level 1. HP: 16/16 MP: 1/1
    53 | D:1      | Reached skill level 3 in Unarmed Combat
   376 | D:1      | Gained mutation: You are partially covered in sharp spines.
                  | [demonic ancestry]
   376 | D:1      | Reached XP level 2. HP: 3/22 MP: 2/2
  1407 | D:2      | Gained mutation: You have a pair of small horns on your
                  | head. [demonic ancestry]
  1407 | D:2      | Reached XP level 3. HP: 28/28 MP: 3/3
  1830 | D:2      | Reached skill level 4 in Unarmed Combat
  2004 | D:2      | Gained mutation: You have sharp fingernails. [demonic
                  | ancestry]
  2004 | D:2      | Reached XP level 4. HP: 33/34 MP: 4/4
  2036 | D:2      | Found a shimmering blue altar of Sif Muna.
  2809 | D:3      | Gained mutation: When hurt, damage is shared between your
                  | health and your magic reserves. [demonic ancestry]
  2809 | D:3      | Reached XP level 5. HP: 27/41 MP: 5/5
  3040 | D:3      | Found an opulent altar of Gozag.
  3232 | D:4      | Noticed an ogre
  3326 | D:4      | Reached skill level 5 in Unarmed Combat
  3349 | D:4      | Found a staircase to the Ecumenical Temple.
  3364 | Temple   | Entered the Ecumenical Temple
  3419 | Temple   | Became a worshipper of the Wu Jian Council
  3646 | D:4      | Gained mutation: You are mostly covered in sharp spines.
                  | [demonic ancestry]
  3646 | D:4      | Reached XP level 6. HP: 48/48 MP: 6/6
  3861 | D:4      | Found a stormy altar of Qazlal.
  4109 | D:4      | Found a burning altar of Makhleb.
  4318 | D:4      | Reached skill level 6 in Unarmed Combat
  4384 | D:4      | Gained mutation: You have a pair of horns on your head.
                  | [demonic ancestry]
  4384 | D:4      | Reached XP level 7. HP: 55/55 MP: 7/7
  4444 | D:5      | Entered Level 5 of the Dungeon
  4692 | D:5      | Reached skill level 5 in Fighting
  4900 | D:5      | Found a shadowy altar of Dithmenos.
  4909 | D:5      | Reached * piety under Wu Jian
  4909 | D:5      | Reached skill level 7 in Unarmed Combat
  5083 | D:5      | Gained mutation: You regenerate magic rapidly. [demonic
                  | ancestry]
  5083 | D:5      | Reached XP level 8. HP: 63/63 MP: 8/8
  5556 | D:5      | Reached skill level 8 in Unarmed Combat
  5721 | D:6      | Found a hide-covered altar of Uskayaw.
  5721 | D:6      | Noticed a +0 dagger
  5721 | D:6      | Noticed a +0 dagger
  6194 | D:6      | Reached skill level 9 in Unarmed Combat
  6251 | D:6      | Gained mutation: You have very sharp fingernails. [demonic
                  | ancestry]
  6251 | D:6      | Reached XP level 9. HP: 72/72 MP: 9/9
  6581 | D:6      | Found a shimmering blue altar of Sif Muna.
  6588 | D:6      | Reached ** piety under Wu Jian
  6866 | D:7      | Found a runed translucent door.
  6867 | D:7      | Noticed Crazy Yiuf
  6932 | D:7      | Reached skill level 10 in Unarmed Combat
  7005 | D:7      | Noticed Dowan
  7005 | D:7      | Noticed Duvessa
  7007 | D:7      | Killed Dowan
  7015 | D:7      | Killed Duvessa
  7915 | D:7      | Killed Crazy Yiuf
  8029 | D:8      | Reached skill level 11 in Unarmed Combat
  8069 | D:8      | Gained mutation: You have sharp toenails. [demonic
                  | ancestry]
  8069 | D:8      | Reached XP level 10. HP: 50/82 MP: 10/10
  8082 | D:8      | Found a glowing golden altar of the Shining One.
  8250 | D:8      | Noticed Maggie
  8257 | D:8      | Killed Maggie
  8257 | D:8      | Reached *** piety under Wu Jian
  8274 | D:8      | Found a sand-covered staircase.
  8279 | Ossuary  | Entered an ossuary
  8784 | D:8      | Noticed Grum
  8827 | D:8      | Killed Grum
  8874 | D:8      | Found an iron altar of Okawaru.
  9081 | D:9      | Found a staircase to the Lair.
  9094 | D:9      | Reached skill level 12 in Unarmed Combat
  9373 | D:9      | Found a shimmering altar of Xom.
  9373 | D:9      | Found a shimmering altar of Xom.
  9374 | D:9      | Found a shimmering altar of Xom.
  9376 | D:9      | Found a shimmering altar of Xom.
  9376 | D:9      | Found a shimmering altar of Xom.
  9376 | D:9      | Found a shimmering altar of Xom.
  9376 | D:9      | Found a shimmering altar of Xom.
  9507 | D:10     | Entered Level 10 of the Dungeon
  9527 | D:10     | Paralysed by a hornet for 2 turns
  9530 | D:10     | HP: 2/83 [poisoned by a hornet]
  9531 | D:10     | Succumbed to a hornet's poison

Levels and vault maps discovered:
D:1:      minmay_arrival_hallway, layout_loops_ring, st_stairs_2,
          minmay_gold_behind_fungi
D:2:      layout_basic, marbit_many_paths
D:3:      layout_rooms, lemuel_coloured_pillars_altar
D:4:      wad_woods_tower, layout_basic, lemuel_crystal_altar,
          makhleb_heckhound_becter, minmay_temple_entry_butterflies,
          first_ration, hex_large
D:5:      black_bear_nest_1, layout_gridville, nicolae_dithmenos_the_darkroom
D:6:      kennysheep_orc_sif_temple, layout_loops_ring, dancing_weapons_uskayaw,
          kennysheep_decorative_pillar
D:7:      layout_loops_corners, uniq_crazy_yiuf_cottage, uniq_duvessa
D:8:      layout_gridville, nicolae_tso_carved_into_rock, enter_ossuary_2,
          kennysheep_okawaru_gauntlet, uniq_maggie, uniq_grum
D:9:      layout_rooms, xom_redecorated, erik_lair_orcish_takeover
D:10:     layout_rooms, uniq_nergalle
Temple:   eino_wide_crystal_templ

Skill      XL: |  1  2  3  4  5  6  7  8  9 10 |
---------------+-------------------------------+-----
Unarmed Combat | 3 4 5 6 7 9 11 12 | 12.1
Fighting       | 3 4 5 7 8 9 |  9.5
Throwing       | |  1.7
Dodging        | |  2.6

Action                   |  1- 3 |  4- 6 |  7- 9 | 10-12 || total
-------------------------+-------+-------+-------+-------++-------
Melee: Unarmed           |   114 |   114 |   203 |   115 ||   546
       Headbutt          |     4 |    22 |    44 |    21 ||    91
       Punch             |       |     4 |     5 |     2 ||    11
       Kick              |       |       |       |    43 ||    43
Invok: Lunge             |       |     8 |    33 |    14 ||    55
       Whirlwind         |       |       |     3 |     4 ||     7
  Use: Scroll            |     5 |     6 |     9 |     7 ||    27
       Potion            |     1 |       |     2 |     1 ||     4
 Stab: Sleeping          |     1 |     3 |     1 |       ||     5
  Eat: Chunk             |     2 |     9 |    13 |     5 ||    29
       Ration            |       |       |     1 |       ||     1
Armor: Leather armour    |    25 |    15 |     7 |       ||    47
       Chain mail        |       |       |    52 |    50 ||   102
Dodge: Dodged            |    61 |    53 |    66 |    28 ||   208

Table legend:
 A = Non-vault XP
 B = Vault XP
 C = Vault XP percentage of total XP
 D = Non-vault monster count
 E = Vault monster count
 F = Vault count percentage of total count
                 A         B        C        D         E       F
            +---------+---------+-------+---------+---------+-------
      Total |    6129 |    2610 |  29.9 |     194 |      48 |  19.8
            +---------+---------+-------+---------+---------+-------
        D:1 |      36 |       4 |  10.0 |      21 |       2 |   8.7
        D:2 |      70 |       5 |   6.7 |      17 |       1 |   5.6
        D:3 |     102 |       0 |   0.0 |      24 |       0 |   0.0
        D:4 |     497 |      79 |  13.7 |      18 |       7 |  28.0
        D:5 |     865 |     131 |  13.2 |      28 |       1 |   3.4
        D:6 |    1382 |     329 |  19.2 |      28 |       6 |  17.6
        D:7 |    1436 |     245 |  14.6 |      25 |       3 |  10.7
        D:8 |     860 |     925 |  51.8 |      18 |       5 |  21.7
        D:9 |     843 |     633 |  42.9 |      11 |       9 |  45.0
       D:10 |      38 |       0 |   0.0 |       4 |       0 |   0.0
    Ossuary |       0 |     259 | 100.0 |       0 |      14 | 100.0
            +---------+---------+-------+---------+---------+-------
